 Dungeon Sprint DCSS version 0.17.1-3-g152610e (webtiles) character file.

11200000 Groucho the Conqueror (level 27, -47/249 HPs)
             Began as a Merfolk Fighter on Apr 27, 2016.
             Was the Champion of Makhleb.
             Annihilated by a large bag of meat
             ... wielding a +9 giant spiked club
              (65 damage)
             ... in the Dungeon (Sprint VIII: "Arena of Blood").
             The game lasted 00:04:50 (112 turns).

Groucho the Conqueror (Merfolk Fighter)              Turns: 112, Time: 00:04:50

Health: -47/249    AC: 13    Str: 16    XL:     27
Magic:  38/54      EV: 34    Int:  8    God:    Makhleb [******]
Gold:   0          SH:  0    Dex: 26    Spells: 0 memorised, 80 levels left

rFire  . . .     SeeInvis .     h - +∞ Axe of Woe
rCold  . . .     Clarity  .     b - +0 scale mail
rNeg   . . .     SustAt   .     (shield currently unavailable)
rPois  .         Gourm    .     (no helmet)
rElec  .         Spirit   .     (no cloak)
rCorr  .         Warding  .     (no gloves)
rMut   .         NoTele   +     (no boots)
MR     ++...                    (no amulet)
Stlth  +++++++++.               p - +200 ring of slaying
                                o - +250 ring of slaying

@: very resistant to hostile enchantments, incredibly stealthy
A: change form in water, swift swim
a: Minor Destruction, Lesser Servant of Makhleb, Major Destruction, Greater
Servant of Makhleb, Renounce Religion


You were in the Dungeon.
You worshipped Makhleb.
Makhleb was exalted by your worship.
You were not hungry.

You visited 1 branch

Inventory:

Hand Weapons
 a - a +0 war axe
 h - the +∞ Axe of Woe (weapon)
   (You found it in the Dungeon)
Armour
 b - a +0 scale mail (worn)
 c - a +0 shield
Jewellery
 l - a +30 ring of slaying
 m - a +30 ring of slaying
 n - a +130 ring of slaying
 o - a +250 ring of slaying (left hand)
 p - a +200 ring of slaying (right hand)
 q - a +200 ring of slaying
 r - a +200 ring of slaying
 s - a +200 ring of slaying
Scrolls
 k - a scroll of blinking
Potions
 d - a potion of might
 f - a potion of curing
 g - a potion of heal wounds
 i - 2 potions of magic
 j - a potion of berserk rage
Comestibles
 e - a bread ration


   Skills:
 O Level 27 Fighting
 O Level 27 Axes
 O Level 27 Throwing
 O Level 27 Armour
 O Level 27 Dodging
 O Level 27 Stealth
 O Level 27 Shields
 O Level 27 Unarmed Combat
 O Level 27 Spellcasting
 O Level 27 Invocations


You had 80 spell levels left.
You didn't know any spells.

Dungeon Overview and Level Annotations

Branches:
Dungeon (1/1)

Altars:
Makhleb


Message History

The meat beast tramples you.
* * * LOW HITPOINT WARNING * * *
You stumble backwards!
You hear a shout!
The meat beast bites you but does no damage.
The meat beast tramples you.
* * * LOW HITPOINT WARNING * * *
You hold your ground!
You hear a shout!
You feel something staring at you.
A fireball appears from out of thin air!
The fireball explodes!
The fireball engulfs the bag of meat.
The bag of meat dies!
The fireball engulfs the bag of meat.
The fireball engulfs the dread.
The fireball engulfs something.
The accursed points at you and mumbles some strange words.
Something smites you!
* * * LOW HITPOINT WARNING * * *
You hear a shout!
The large bag of meat hits you with a +9 giant spiked club!!!
You die...

..... ... #.......#
...... . #....X..#
....... ..###...
XCD###.....O.
......###..o.........
......._)oxX...2.....
#o.)).#.^.....#.#
#_)<)_#oD§§......
.#..)).#)@§§S.#.#.
......_..)C))W..M...
......###.)))2....#.#
..###....§..###o)...o.
. #...§§.§# ..{....
#.......# .......
......... .......
....§..O. .#...#.
..X...... #....#


You could see an accursed, 2 tentacled monstrosities, 2 meat beasts, 2
eight-headed meat hydras, a scourge, 2 large bags of meat, a large abomination,
a dread, a meat berserker (berserk), a small abomination and 4 bags of meat.

Vanquished Creatures
  Sigmund (D)
  8 hell beasts (D)
  2 greater mummies (D)
  4 great orbs of eyes (D)
  Harold (D)
  12 vampire knights (D)
  33 ogres (D)
  4 liches (D)
  2 hydras (D)
  67 orcs (D)
  2 phantoms (D)
  4 hill giants (D)
  6 skeletal warriors (D)
  9 large abominations (D)
  5 small abominations (D)
  15 crawling corpses (D)
175 creatures vanquished.

Vanquished Creatures (others)
  3 orcs (D)
  6 crawling corpses (D)
9 creatures vanquished.

Grand Total: 184 creatures vanquished

Notes
Turn   | Place    | Note
--------------------------------------------------------------
     0 | D        | Groucho the Merfolk Fighter began the quest for the Orb.
     0 | D        | Reached XP level 1. HP: 18/18 MP: 1/1
     3 | D        | Noticed a bag of meat
     5 | D        | Noticed a bag of meat
     5 | D        | Noticed a bag of meat
     5 | D        | Noticed a bag of meat
     7 | D        | Noticed a bag of meat
     8 | D        | Noticed a bag of meat
    10 | D        | Became a worshipper of Makhleb the Destroyer
    11 | D        | Noticed a meat berserker
    11 | D        | Noticed a meat berserker
    13 | D        | Killed a bag of meat
    13 | D        | Reached skill level 17 in Fighting
    13 | D        | Reached skill level 15 in Shields
    13 | D        | Reached XP level 2. HP: 21/47 MP: 2/2
    13 | D        | Reached XP level 3. HP: 23/53 MP: 3/3
    13 | D        | Reached XP level 4. HP: 26/61 MP: 4/4
    13 | D        | Reached XP level 5. HP: 28/67 MP: 5/5
    13 | D        | Reached XP level 6. HP: 30/74 MP: 6/6
    13 | D        | Reached XP level 7. HP: 32/80 MP: 7/7
    13 | D        | Reached XP level 8. HP: 35/88 MP: 8/8
    13 | D        | Reached XP level 9. HP: 37/94 MP: 9/9
    13 | D        | Reached XP level 10. HP: 39/101 MP: 10/10
    13 | D        | Reached XP level 11. HP: 41/107 MP: 11/11
    13 | D        | Reached XP level 12. HP: 44/115 MP: 12/12
    14 | D        | Noticed a bag of meat
    14 | D        | Noticed a meat berserker
    14 | D        | Killed a meat berserker
    14 | D        | Reached * piety under Makhleb
    14 | D        | Reached skill level 20 in Fighting
    14 | D        | Reached skill level 15 in Armour
    14 | D        | Reached skill level 15 in Dodging
    14 | D        | Reached XP level 13. HP: 17/129 MP: 13/13
    14 | D        | Reached XP level 14. HP: 17/136 MP: 14/14
    14 | D        | Killed a bag of meat
    14 | D        | Reached skill level 22 in Fighting
    14 | D        | Killed a bag of meat
    14 | D        | Reached ** piety under Makhleb
    14 | D        | Reached skill level 15 in Axes
    14 | D        | Reached XP level 15. HP: 56/148 MP: 15/15
    14 | D        | Killed a bag of meat
    14 | D        | Reached skill level 23 in Fighting
    15 | D        | Killed a bag of meat
    15 | D        | Reached *** piety under Makhleb
    15 | D        | Reached skill level 24 in Fighting
    15 | D        | Reached XP level 16. HP: 59/160 MP: 16/16
    16 | D        | Noticed a meat berserker
    16 | D        | Killed a bag of meat
    16 | D        | Reached skill level 25 in Fighting
    17 | D        | Noticed a bag of meat
    17 | D        | Noticed a meat berserker
    17 | D        | Killed a meat berserker
    17 | D        | Reached skill level 26 in Fighting
    17 | D        | Reached XP level 17. HP: 168/173 MP: 17/17
    19 | D        | Noticed a bag of meat
    19 | D        | Noticed a bag of meat
    20 | D        | Noticed a meat berserker
    20 | D        | Killed a meat berserker
    20 | D        | Reached **** piety under Makhleb
    20 | D        | Reached skill level 27 in Fighting
    20 | D        | Reached skill level 27 in Dodging
    21 | D        | Noticed a bag of meat
    21 | D        | Killed a bag of meat
    21 | D        | Reached XP level 18. HP: 182/182 MP: 18/18
    22 | D        | Killed a bag of meat
    23 | D        | Killed a meat berserker
    23 | D        | Reached ***** piety under Makhleb
    24 | D        | Noticed a meat berserker
    25 | D        | Killed a bag of meat
    25 | D        | Reached XP level 19. HP: 189/189 MP: 19/19
    26 | D        | Killed a meat berserker
    26 | D        | Reached skill level 27 in Axes
    26 | D        | Reached skill level 27 in Armour
    27 | D        | Noticed a bag of meat
    27 | D        | Noticed a large bag of meat
    28 | D        | Noticed a meat berserker
    30 | D        | Killed a meat berserker
    31 | D        | Killed a bag of meat
    31 | D        | Reached XP level 20. HP: 197/197 MP: 19/34
    32 | D        | Noticed a meat berserker
    33 | D        | Noticed a bag of meat
    33 | D        | Noticed The Servant
    34 | D        | Noticed a bag of meat
    34 | D        | Noticed a bag of meat
    34 | D        | Noticed a bag of meat
    35 | D        | Noticed a bag of meat
    35 | D        | Noticed a bag of meat
    35 | D        | Noticed a bag of meat
    35 | D        | Noticed a bag of meat
    35 | D        | Noticed a bag of meat
    35 | D        | Noticed a bag of meat
    36 | D        | Noticed a meat berserker
    36 | D        | Killed The Servant
    37 | D        | Noticed a meat berserker
    37 | D        | Noticed a bag of meat
    39 | D        | Noticed a sculptor of flesh
    39 | D        | Killed a bag of meat
    39 | D        | Reached skill level 27 in Unarmed Combat
    39 | D        | Reached skill level 27 in Invocations
    39 | D        | Reached skill level 5 in Throwing
    39 | D        | Reached skill level 5 in Spellcasting
    39 | D        | Reached XP level 21. HP: 204/204 MP: 20/38
    39 | D        | Killed a bag of meat
    40 | D        | Noticed a meat berserker
    40 | D        | Noticed a bag of meat
    40 | D        | Killed a bag of meat
    40 | D        | Reached skill level 10 in Throwing
    40 | D        | Reached skill level 10 in Spellcasting
    40 | D        | Killed a bag of meat
    41 | D        | Noticed a large bag of meat
    41 | D        | Killed a bag of meat
    42 | D        | Killed a bag of meat
    42 | D        | Reached skill level 15 in Throwing
    42 | D        | Reached XP level 22. HP: 212/212 MP: 21/40
    43 | D        | Noticed a sculptor of flesh
    43 | D        | Noticed a bag of meat
    43 | D        | Noticed a bag of meat
    43 | D        | Noticed a destroyer
    43 | D        | Killed a large bag of meat
    43 | D        | Reached ****** piety under Makhleb
    43 | D        | Killed a meat berserker
    43 | D        | Reached skill level 27 in Stealth
    43 | D        | Killed a bag of meat
    44 | D        | Noticed a destroyer
    45 | D        | Noticed a meat berserker
    45 | D        | Killed a bag of meat
    46 | D        | Killed a bag of meat
    47 | D        | Noticed a destroyer
    47 | D        | Noticed a destroyer
    47 | D        | Noticed a bag of meat
    47 | D        | Noticed a bag of meat
    48 | D        | Noticed a meat berserker
    48 | D        | Noticed a meat berserker
    48 | D        | Noticed an eight-headed meat hydra
    48 | D        | Killed a meat berserker
    48 | D        | Reached XP level 23. HP: 219/219 MP: 22/49
    49 | D        | Killed a sculptor of flesh
    49 | D        | Reached skill level 27 in Shields
    49 | D        | Killed a destroyer
    49 | D        | Reached skill level 27 in Throwing
    49 | D        | Reached skill level 27 in Spellcasting
    50 | D        | Noticed a bag of meat
    50 | D        | Noticed a destroyer
    50 | D        | Killed a bag of meat
    50 | D        | Noticed a destroyer
    51 | D        | Noticed a bag of meat
    51 | D        | Noticed a destroyer
    51 | D        | Killed a sculptor of flesh
    51 | D        | Reached XP level 24. HP: 211/227 MP: 22/54
    51 | D        | Killed a meat berserker
    51 | D        | Killed a destroyer
    51 | D        | Killed a bag of meat
    52 | D        | Noticed a meat berserker
    52 | D        | Noticed a bag of meat
    52 | D        | Killed a bag of meat
    53 | D        | Noticed a bag of meat
    53 | D        | Noticed a large bag of meat
    53 | D        | Noticed a bag of meat
    53 | D        | Killed a meat berserker
    53 | D        | Reached XP level 25. HP: 234/234 MP: 23/54
    53 | D        | Killed a destroyer
    53 | D        | Killed a destroyer
    54 | D        | Noticed a bag of meat
    54 | D        | Noticed a destroyer
    55 | D        | Noticed a bag of meat
    55 | D        | Noticed a sculptor of flesh
    55 | D        | Noticed a bag of meat
    55 | D        | Killed a meat berserker
    55 | D        | Reached XP level 26. HP: 121/242 MP: 23/54
    55 | D        | Killed a bag of meat
    55 | D        | Killed a meat berserker
    55 | D        | Killed a meat berserker
    56 | D        | Noticed a bag of meat
    56 | D        | Noticed a destroyer
    56 | D        | Noticed a bag of meat
    56 | D        | Killed a meat berserker
    56 | D        | Killed a large bag of meat
    56 | D        | Killed a meat berserker
    56 | D        | Reached XP level 27. HP: 249/249 MP: 24/54
    56 | D        | Killed a destroyer
    57 | D        | Noticed a bag of meat
    57 | D        | Noticed a destroyer
    57 | D        | Killed a bag of meat
    58 | D        | Noticed a bag of meat
    58 | D        | Noticed a bag of meat
    58 | D        | Killed a bag of meat
    58 | D        | Killed a bag of meat
    58 | D        | Killed a destroyer
    59 | D        | Noticed a meat berserker
    59 | D        | Noticed a sculptor of flesh
    59 | D        | Killed a bag of meat
    60 | D        | Noticed a bag of meat
    60 | D        | Noticed a meat berserker
    60 | D        | Noticed a tyrant
    60 | D        | Killed a bag of meat
    60 | D        | Noticed a meat beast
    61 | D        | Noticed a meat berserker
    61 | D        | Noticed a meat berserker
    61 | D        | Killed a destroyer
    61 | D        | Killed a destroyer
    61 | D        | Killed a meat berserker
    62 | D        | Noticed a bag of meat
    62 | D        | Noticed an accursed
    62 | D        | Noticed a bag of meat
    62 | D        | Noticed a bag of meat
    62 | D        | Noticed a destroyer
    62 | D        | Killed a bag of meat
    62 | D        | Killed a meat berserker
    62 | D        | Killed a sculptor of flesh
    62 | D        | Killed a nine-headed meat hydra
    63 | D        | Noticed a bag of meat
    63 | D        | Killed a bag of meat
    63 | D        | Killed a meat beast
    63 | D        | Killed a destroyer
    64 | D        | Noticed a bag of meat
    64 | D        | Noticed a bag of meat
    64 | D        | Noticed a bag of meat
    64 | D        | Killed a bag of meat
    64 | D        | Killed a destroyer
    64 | D        | Killed a bag of meat
    65 | D        | Noticed a meat berserker
    65 | D        | Noticed a tyrant
    65 | D        | Noticed a bag of meat
    65 | D        | Noticed a bag of meat
    65 | D        | Killed a destroyer
    65 | D        | Killed a bag of meat
    66 | D        | Noticed a bag of meat
    66 | D        | Noticed a meat berserker
    66 | D        | Killed a bag of meat
    66 | D        | Killed a bag of meat
    66 | D        | Killed a meat berserker
    66 | D        | Killed a meat berserker
    67 | D        | Noticed a meat beast
    67 | D        | Noticed a bag of meat
    67 | D        | Killed a bag of meat
    68 | D        | Noticed a meat berserker
    68 | D        | Noticed a meat beast
    68 | D        | Killed a meat beast
    69 | D        | Noticed a sculptor of flesh
    69 | D        | Killed a bag of meat
    70 | D        | Killed a bag of meat
    70 | D        | Killed a sculptor of flesh
    71 | D        | Noticed a bag of meat
    71 | D        | Noticed a bag of meat
    71 | D        | Noticed a meat berserker
    71 | D        | Killed a bag of meat
    71 | D        | Killed a meat berserker
    71 | D        | Killed a large bag of meat
    72 | D        | Noticed a meat berserker
    72 | D        | Noticed a bag of meat
    72 | D        | Noticed a bag of meat
    72 | D        | Noticed a meat berserker
    72 | D        | Killed a bag of meat
    73 | D        | Noticed a bag of meat
    73 | D        | Noticed a meat berserker
    73 | D        | Noticed a sculptor of flesh
    73 | D        | Killed an accursed
    73 | D        | Killed a bag of meat
    73 | D        | Killed a bag of meat
    73 | D        | Killed a bag of meat
    74 | D        | Noticed a bag of meat
    74 | D        | Noticed The Captor
    74 | D        | Killed a meat berserker
    74 | D        | Killed a meat berserker
    75 | D        | Noticed a meat berserker
    76 | D        | Noticed a bag of meat
    76 | D        | Noticed a tyrant
    76 | D        | Killed a meat beast
    76 | D        | Killed a bag of meat
    76 | D        | Killed a bag of meat
    77 | D        | Killed a tyrant
    77 | D        | Killed a bag of meat
    77 | D        | Killed a bag of meat
    77 | D        | Killed a meat berserker
    78 | D        | Noticed a bag of meat
    78 | D        | Noticed a meat berserker
    78 | D        | Noticed a bag of meat
    78 | D        | Killed a bag of meat
    79 | D        | Noticed a meat beast
    79 | D        | Killed a meat berserker
    79 | D        | Killed a meat berserker
    79 | D        | Killed a meat berserker
    80 | D        | Killed a meat berserker
    80 | D        | Killed a bag of meat
    80 | D        | Killed a bag of meat
    80 | D        | Killed a bag of meat
    81 | D        | Killed a meat berserker
    81 | D        | Killed a bag of meat
    81 | D        | Killed a bag of meat
    83 | D        | Killed a tyrant
    83 | D        | Killed a sculptor of flesh
    84 | D        | Noticed a bag of meat
    84 | D        | Killed a meat beast
    84 | D        | Killed a wretched soul
    84 | D        | Noticed a meat beast
    85 | D        | Killed a bag of meat
    85 | D        | Killed a meat berserker
    85 | D        | Killed a tyrant
    85 | D        | Killed a bag of meat
    86 | D        | Noticed a meat beast
    86 | D        | Killed a bag of meat
    87 | D        | Killed The Captor
    87 | D        | Killed a meat beast
    87 | D        | Killed a bag of meat
    87 | D        | Killed a bag of meat
    88 | D        | Killed a meat beast
    89 | D        | Killed a bag of meat
    89 | D        | Killed a bag of meat
    90 | D        | Noticed a meat berserker
    91 | D        | Killed a bag of meat
    92 | D        | Killed a bag of meat
    92 | D        | Killed a wretched soul
    93 | D        | Killed a sculptor of flesh
    93 | D        | Killed a bag of meat
    95 | D        | Noticed a bag of meat
    95 | D        | Noticed a bag of meat
    95 | D        | Noticed a meat berserker
    96 | D        | Noticed a meat beast
    96 | D        | Noticed a tyrant
    96 | D        | Noticed a meat berserker
    96 | D        | Killed a meat berserker
    97 | D        | Noticed a meat berserker
    97 | D        | Noticed a meat beast
    97 | D        | Noticed a bag of meat
    97 | D        | Noticed a bag of meat
    98 | D        | Noticed a destroyer
    98 | D        | Noticed an accursed
    98 | D        | Killed a meat berserker
    99 | D        | Noticed a large bag of meat
    99 | D        | Noticed a large bag of meat
   100 | D        | Noticed a bag of meat
   100 | D        | Noticed a bag of meat
   100 | D        | Killed an accursed
   100 | D        | Killed a meat beast
   100 | D        | Killed an observer
   100 | D        | Noticed a bag of meat
   101 | D        | Noticed a dread
   101 | D        | Noticed a meat berserker
   101 | D        | Noticed a bag of meat
   101 | D        | Noticed a bag of meat
   101 | D        | Noticed a tyrant
   101 | D        | Noticed an eight-headed meat hydra
   102 | D        | Noticed a bag of meat
   102 | D        | Noticed a bag of meat
   102 | D        | Killed a meat berserker
   102 | D        | Killed a meat berserker
   103 | D        | Killed a bag of meat
   103 | D        | Noticed a bag of meat
   105 | D        | Killed an observer
   106 | D        | Noticed a large bag of meat
   106 | D        | Killed a meat beast
   106 | D        | Killed a bag of meat
   107 | D        | Noticed a meat beast
   108 | D        | Killed a bag of meat
   108 | D        | Killed an observer
   109 | D        | Noticed an accursed
   109 | D        | Killed a destroyer
   109 | D        | HP: 6/249 [tyrant (9)]
   109 | D        | HP: 2/249 [tyrant (4)]
   110 | D        | Killed a tyrant
   110 | D        | Killed a bag of meat
   110 | D        | Killed an observer
   110 | D        | Killed a large bag of meat
   110 | D        | Killed a bag of meat
   111 | D        | Noticed a meat beast
   111 | D        | Killed a bag of meat
   112 | D        | Noticed a meat berserker
   112 | D        | Noticed a bag of meat
   112 | D        | Killed a bag of meat
   112 | D        | Annihilated by a large bag of meat

Action                   |  1- 3 |  4- 6 |  7- 9 | 10-12 | 13-15 | 16-18 | 19-21 | 22-24 | 25-27 || total
-------------------------+-------+-------+-------+-------+-------+-------+-------+-------+-------++-------
Melee: Executioner's axe |     1 |       |       |     1 |     1 |     7 |     8 |     9 |    51 ||    78
Invok: Greater Servant o |       |       |       |       |       |       |     2 |       |       ||     2
  Use: Potion            |     1 |       |       |       |       |       |       |       |       ||     1
